 Dungeon Crawl Stone Soup version 0.29.1-2-gbd0b4ee654 (webtiles) character file.

Game seed: 5628731165443991788

37 FrostSilk the Firebug (level 3, -1/19 HPs)
             Began as a Gargoyle Fire Elementalist on Nov 14, 2022.
             Slain by a goblin
             ... wielding a +0 club
             ... led by Robin
              (5 damage)
             ... on level 2 of the Dungeon.
             The game lasted 00:15:19 (1339 turns).

FrostSilk the Firebug (Gargoyle Fire Elementalist)  Turns: 1339, Time: 00:15:20

Health: -1/19      AC:  9    Str: 11    XL:     3   Next: 41%
Magic:  3/6        EV: 11    Int: 17    God:
Gold:   29         SH:  0    Dex: 10    Spells: 4/7 levels left

rFire   . . .      SeeInvis .   c - +0 dagger
rCold   . . .      Faith    .   (no shield)
rNeg    + . .      Spirit   .   a - +0 robe
rPois   ∞          Reflect  .   (no helmet)
rElec   +          Harm     .   (no cloak)
rCorr   .          Rampage  .   (no gloves)
Will    .....                   (no boots)
Stlth   ++........              (no amulet)
HPRegen 0.06/turn               g - +4 ring of protection
MPRegen 0.10/turn               (no ring)

@: no status effects
A: sickness immunity, AC +3, negative energy resistance 1, electricity
resistance, torment resistance 1, petrification resistance
a: no special abilities


You were on level 2 of the Dungeon.
You visited 1 branch of the dungeon, and saw 2 of its levels.

You collected 29 gold pieces.

Inventory:

Hand Weapons
 c - a +0 dagger (weapon)
 d - a +3 sling of freezing
Armour
 a - a +0 robe (worn)
Jewellery
 g - a +4 ring of protection (left hand)
Potions
 b - a potion of magic
 e - a potion of heal wounds {unknown}
 f - a potion of lignification {unknown}


   Skills:
 - Level 1.5 Dodging
 - Level 2.1 Stealth
 + Level 2.5 Spellcasting
 + Level 2.1 Conjurations
 + Level 3.4 Fire Magic


You had 4 spell levels left.
You knew the following spells:

 Your Spells              Type           Power      Damage    Failure   Level
a - Foxfire               Conj/Fire      44%        2x1d6     6%          1
b - Scorch                Fire           28%        2d6       7%          2

Your spell library contained the following spells:

 Spells                   Type           Power      Damage    Failure   Level
 Conjure Flame            Conj/Fire      11%        6-21      17%         3
 Static Discharge         Conj/Air       5%         3-4/arc   19%         2
 Inner Flame              Hex/Fire       8%         N/A       26%         3
 Ozocubu's Armour         Ice            2%         N/A       50%         3
 Flame Wave               Conj/Fire      11%        2d6       50%         4
 Lightning Bolt           Conj/Air       2%         1d14      97%         5
 Metabolic Englaciation   Hex/Ice        1%         N/A       99%         5
 Simulacrum               Ice/Necr       1%         N/A       100%        6
 Maxwell's Capacitive Co  Air            1%         ∞         100%        8


Dungeon Overview and Level Annotations

Branches:
Dungeon (2/15)

Altars:

Annotations:
D:2 Robin


Innate Abilities, Weirdness & Mutations

You are immune to sickness and miasma.
Your stone body is resilient. (AC +3)
You are immune to poison.
You resist negative energy. (rN+)
You are resistant to electric shocks. (rElec)
You are resistant to unholy torment.
You are immune to petrification.


Message History

You closely miss the goblin. The jackal closely misses you.
The goblin closely misses you.
The goblin shouts!
You hit the goblin but do no damage.
The jackal bites you but does no damage.
The goblin misses you.
You barely miss the goblin. The jackal closely misses you. x2
The goblin closely misses you.
Robin roars a battlecry!
You hear a shout!
You hit the goblin but do no damage. The jackal closely misses you.
The goblin hits you with a +0 club.
You closely miss the goblin. The jackal barely misses you. x2
The goblin misses you.
You hit the goblin.
The goblin is severely wounded.
The jackal bites you but does no damage.
The goblin misses you.
You hit the goblin. Your punch misses the goblin.
The goblin is severely wounded.
The jackal closely misses you. The goblin closely misses you.
You closely miss the goblin.
The goblin is severely wounded.
The jackal barely misses you.
The jackal bites you but does no damage.
The goblin misses you.
You closely miss the goblin.
The goblin is severely wounded.
The goblin no longer looks unusually strong.
The jackal bites you.
* * * LOW HITPOINT WARNING * * *
The goblin hits you but does no damage.
You miss the goblin.
The goblin is severely wounded.
The jackal closely misses you. The jackal barely misses you.
The goblin misses you.
You closely miss the goblin.
The goblin is severely wounded.
The jackal barely misses you. The goblin hits you with a +0 club.
You die...

##### ####### ##
....######.....# ..
###.#..........#######g###g.
#............g@hghggg....g
###.#..........#######g###g#
....#..........# #
...##......#####
#####......# ########


You could see Robin, 2 jackals and 6 goblins.

Vanquished Creatures
  A worm (D:2)
  3 bats (D:1)
  2 endoplasms (D:1)
  3 giant cockroaches
  5 goblins
  5 hobgoblins (D:1)
  2 kobolds (D:1)
  5 ball pythons (D:1)
  2 frilled lizards (D:1)
  2 rats
30 creatures vanquished.

Vanquished Creatures (others)
  51 foxfires
51 creatures vanquished.

Grand Total: 81 creatures vanquished

Notes
Turn   | Place    | Note
-------+----------+-------------------------------------------
     0 | D:1      | FrostSilk the Gargoyle Fire Elementalist began the quest
                  | for the Orb.
     0 | D:1      | Reached XP level 1. HP: 10/10 MP: 3/3
   416 | D:1      | Reached XP level 2. HP: 15/15 MP: 3/5
   421 | D:1      | Learned a level 2 spell: Scorch
   779 | D:1      | Found a faded altar of an unknown god.
   819 | D:1      | Reached XP level 3. HP: 19/19 MP: 0/6
  1312 | D:2      | Noticed Robin
  1339 | D:2      | Slain by a goblin

Illustrated notes

Levels and vault maps discovered:
D:1:      lightli_arrival_lavapool, layout_rooms,
          dreamdust_ecumenical_altar_angels_and_demons,
          chequers_serial_rivers_room_a
D:2:      layout_basic, uniq_robin

Skill      XL: |  1  2  3 |
---------------+----------+-----
Conjurations   | 2 |  2.1
Dodging        | |  1.5
Stealth        | |  2.1
Spellcasting   | |  2.5
Fire Magic     | |  3.4

Action                   || total
-------------------------++-------
Melee: Unarmed           ||     3
       Dagger            ||    40
       Sling             ||     1
 Cast: Foxfire           ||    30
       Scorch            ||    13
  Use: Scroll            ||     2
Armor: Robe              ||    37
Dodge: Dodged            ||    77
